 Dungeon Crawl Stone Soup version 0.27.1-1-g398f81649c (webtiles) character file.

Game seed: 13407279904884454231

2 Descartes the Sneak (level 1, 0/10 HPs)
             Began as a Spriggan Wanderer on Sept 18, 2021.
             Slain by a jackal (3 damage)
             ... on level 1 of the Dungeon.
             The game lasted 00:00:44 (94 turns).

Descartes the Sneak (Spriggan Wanderer)               Turns: 94, Time: 00:00:45

Health: 0/10       AC:  2    Str:  5    XL:     1   Next: 33%
Magic:  5/5        EV: 15    Int: 13    God:
Gold:   0          SH:  0    Dex: 17    Spells: 4/5 levels left

rFire    . . .     SeeInvis +   a - +0 dagger
rCold    . . .     Faith    .   (shield restricted)
rNeg     . . .     Spirit   .   b - +0 robe
rPois    .         Reflect  .   (helmet restricted)
rElec    .         Harm     .   (no cloak)
rCorr    .         Rampage  .   (gloves unavailable)
Will     .....                  (boots unavailable)
Stlth    ++........             (no amulet)
HPRegen  0.03/turn              (no ring)
MPRegen  0.09/turn              (no ring)

@: very quick
A: very small, no large weapons, unfitting armour, see invisible, speed 3
a: no special abilities


You were on level 1 of the Dungeon.
You visited 1 branch of the dungeon, and saw 1 of its levels.

Inventory:

Hand Weapons
 a - a +0 dagger (weapon)
Missiles
 e - 8 poisoned darts
 f - 17 bolts
Armour
 b - a +0 robe (worn)
Scrolls
 c - 2 scrolls of teleportation
Potions
 d - a potion of mutation {unknown}


   Skills:
 - Level 1.0 Fighting
 + Level 0.2 Short Blades
 + Level 0.3 Dodging
 + Level 3.1 Stealth
 - Level 1.0 Unarmed Combat
 + Level 2.7 Spellcasting
 - Level 1.0 Summonings
 - Level 1.7 Earth Magic
 - Level 1.3 Evocations


You had 4 spell levels left.
You knew the following spells:

 Your Spells              Type           Power      Damage    Failure   Level
a - Magic Dart            Conj           4%         1d3       24%         1

Your spell library contained the following spells:

 Spells                   Type           Power      Damage    Failure   Level
 Call Imp                 Summ           4%         N/A       24%         2
 Blink                    Tloc           N/A        N/A       34%         2
 Slow                     Hex            1%         N/A       34%         2
 Conjure Flame            Conj/Fire      1%         6-21      56%         3
 Mephitic Cloud           Conj/Pois/Air  1%         N/A       56%         3


Dungeon Overview and Level Annotations

Branches:
Dungeon (1/15)

Altars:


Innate Abilities, Weirdness & Mutations

You are very small and have problems with some larger weapons.
You are too small for most types of armour.
You have supernaturally acute eyesight. (SInv)
You cover ground extremely quickly. (Speed+++)


Message History

The jackal bites you but does no damage.
You closely miss the jackal. The jackal completely misses you.
The jackal misses you.
You miss the jackal. The jackal closely misses you. The jackal misses you.
You barely miss the jackal. The jackal bites you.
The jackal closely misses you. The jackal bites you.
You barely miss the jackal. The jackal misses you.
The jackal closely misses you. x2
The jackal bites the plant.
The plant begins to die.
You barely miss the jackal. The jackal barely misses you.
You barely miss the jackal. The jackal closely misses you.
You closely miss the jackal. The jackal bites you.
You barely miss the jackal.
A nearby plant withers and dies.
The jackal closely misses you.
You hit the jackal.
The jackal is heavily wounded.
The jackal bites you.
You hit the jackal but do no damage.
The jackal is heavily wounded.
The jackal completely misses you.
The jackal bites you but does no damage.
You hit the jackal but do no damage.
The jackal is heavily wounded.
The jackal closely misses you.
You hit the jackal.
You kill the jackal!
You hit the jackal but do no damage. The jackal barely misses you. x2
You barely miss the jackal. The jackal closely misses you.
You hit the jackal.
The jackal is moderately wounded.
The jackal misses you.
The jackal bites you but does no damage.
You closely miss the jackal.
The jackal is moderately wounded.
The jackal bites you.
* * * LOW HITPOINT WARNING * * *
You completely miss the jackal.
The jackal is moderately wounded.
The jackal bites you.
You die...

##
#.#####################
#...hh@................
#.≈≈###################
#≈≈≈≈.# #.≈♣≈.# ##.PP.#
...... ##### ##.....#
....# #.....# ...###
.....


You could see 2 jackals.

Vanquished Creatures
  An endoplasm (D:1)
  A jackal (D:1)
2 creatures vanquished.

Vanquished Creatures (others)
  A plant (D:1)
1 creature vanquished.

Grand Total: 3 creatures vanquished

Notes
Turn   | Place    | Note
-------+----------+-------------------------------------------
     0 | D:1      | Descartes the Spriggan Wanderer began the quest for the
                  | Orb.
     0 | D:1      | Descartes set off with the following items: a +0 dagger, a
                  | +0 robe, a scroll of teleportation; and the following spell
                  | memorised: Magic Dart; and the following spells available
                  | to memorise: Call Imp, Blink, Slow, Conjure Flame, Mephitic
                  | Cloud
     0 | D:1      | Reached XP level 1. HP: 10/10 MP: 5/5
    94 | D:1      | Slain by a jackal

Illustrated notes

Levels and vault maps discovered:
D:1:      lemuel_arrival_lava_pool, layout_basic, serial_shops,
          nicolae_shop_window_shopping, serial_bayou, serial_bayou_pond_b,
          serial_bayou_pond_a, serial_bayou_pond_d, serial_bayou_lagoon_a,
          minmay_pentomino_v4

Action                   || total
-------------------------++-------
Melee: Dagger            ||    20
 Stab: Sleeping          ||     1
Armor: Robe              ||     3
Dodge: Dodged            ||    17
